 Dungeon Crawl Stone Soup version 0.29.0-4-gdea44cf6ec (webtiles) character file.

Game seed: 7903829148371994694

4615 qw the Cleaver (level 10, -11/100 HPs)
             Began as a Minotaur Berserker on Sept 6, 2022.
             Was a Priest of Trog.
             Mangled by a death yak (12 damage)
             ... on level 8 of the Dungeon.
             The game lasted 00:02:33 (8284 turns).

qw the Cleaver (Minotaur Berserker)                 Turns: 8284, Time: 00:02:34

Health: -11/100    AC: 21    Str: 25    XL:     10   Next: 19%
Magic:  9/9        EV: 11    Int:  3    God:    Trog [***...]
Gold:   332        SH:  5    Dex: 14    Spells: 9/9 levels left

rFire   . . .      SeeInvis .   Y - +1 war axe (protect)
rCold   . . .      Faith    .   (no shield)
rNeg    . . .      Spirit   .   n - +0 chain mail
rPois   +          Reflect  +   (helmet restricted)
rElec   .          Harm     .   r - +0 cloak
rCorr   .          Rampage  .   q - +0 pair of gloves
Will    +....                   p - +0 pair of boots
Stlth   ..........              e - amulet of reflection
HPRegen 0.26/turn               i - ring of poison resistance
MPRegen 0.11/turn               m - ring of willpower

@: under a protective aura, on berserk cooldown, slowed, lost intelligence,
unable to read, very slow
A: horns 2, retaliatory headbutt, agile 1, robust 1, subdued magic 1, MP-powered
wands
a: Renounce Religion, Berserk, Trog's Hand


You were on level 8 of the Dungeon.
You worshipped Trog.
Trog was most pleased with you.
You visited 1 branch of the dungeon, and saw 8 of its levels.

You collected 332 gold pieces.


Innate Abilities, Weirdness & Mutations

You have a pair of horns on your head.
You reflexively headbutt those who attack you in melee.
You are agile. (Dex +4, Str/Int -1)
You are robust. (+10% HP)
Your spells are a little easier to cast, but a little less powerful.
You expend magic power (3 MP) to strengthen your wands.


   Skills:
 - Level 9.1 Fighting
 + Level 13.0 Axes
 - Level 3.1 Throwing
 - Level 6.9 Armour
 - Level 5.8 Dodging


You had 9 spell levels left.
You didn't know any spells.
Your spell library was empty.

Inventory:

Hand Weapons
 k - a +0 morningstar
 Y - a +1 war axe of protection (weapon)
Missiles
 s - 4 javelins (quivered)
Armour
 n - a +0 chain mail (worn)
 p - a +0 pair of boots (worn)
 q - a +0 pair of gloves (worn)
 r - a +0 cloak (worn)
Jewellery
 e - an amulet of reflection (around neck)
 i - a ring of poison resistance (left hand)
 j - a ring of resist corrosion
 m - a ring of willpower (right hand)
Scrolls
 a - 3 scrolls of identify
 h - a scroll of teleportation
 o - a scroll of brand weapon
Potions
 b - a potion of curing
 c - a potion of haste
 d - a potion of mutation
 f - a potion of heal wounds
 g - a potion of cancellation
 l - a potion of might

Dungeon Overview and Level Annotations

Branches:
Dungeon (8/15)             Temple (0/1) D:7
   Lair: D:8-11

Altars:
Ashenzari
Elyvilon
Fedhas
Kikubaaqudgha
Trog
Uskayaw
Wu Jian

Shops:
D:5 *

Annotations:
D:5 1 runed translucent door, Crazy Yiuf


Message History

Trog accepts your kill.
You hit the two-headed ogre. You barely miss the death yak.
The two-headed ogre hits you but does no damage.
The two-headed ogre hits you with a +0 giant club.
The death yak gores you!
You feel your intelligence returning.
Your Armour skill increases to level 6!
You have reached level 10!
You slash the two-headed ogre!
The two-headed ogre is heavily wounded.
You slash the death yak! You barely miss the death yak.
The two-headed ogre hits you with a +0 giant club! x2
The death yak gores you but does no damage. x2
You slash the two-headed ogre!
The two-headed ogre is almost dead.
You barely miss the death yak. You hit the death yak but do no damage.
You slice the two-headed ogre!!
You kill the two-headed ogre!
Trog accepts your kill.
You slash the death yak! You hit the death yak.
A death yak comes into view.
The death yak gores you but does no damage.
The death yak gores you.
Your Fighting skill gained 2 levels and is now at level 9!
You barely miss the death yak.
The death yak bellows!
Your headbutt misses the death yak.
The death yak is moderately wounded.
You slash the death yak! You hit the death yak.
You hear a howl! x2; You hear an angry hiss.
The death yak gores you!
A wight comes into view. It is wielding a +0 battleaxe.
The death yak gores you.
The death yak gores you but does no damage.
You hit the death yak.
The death yak is heavily wounded.
You hit the death yak. You barely miss the death yak.
You are no longer berserk.
You are exhausted.
You feel yourself slow down. The death yak gores you! x2
You die... .((.
Yz..

#... #...
####..[##### #
...........#.###
.......%YY.....#
...(...Y@..#
##.....####.#
#......<...#
#.....######
#.....#
......#.#
.##.....#
#######


You could see 4 death yaks and a wight.

Vanquished Creatures
  A two-headed ogre (D:8)
  2 death yaks (D:8)
  A hornet (D:8)
  Prince Ribbit (D:6)
  Sigmund (D:6)
  Eustachio (D:6)
  3 water moccasins
  Duvessa (D:7)
  3 sky beasts
  3 ice beasts
  A black bear (D:6)
  2 ogres
  Blork the orc (D:5)
  A scorpion (D:7)
  A bullfrog (D:7)
  A wight (D:8)
  Dowan (D:7)
  2 hounds
  A gnoll bouda (D:2)
  6 orc priests
  A jelly (D:6)
  2 iguanas
  4 orc wizards
  A mummy (D:6)
  15 adders
  A shadow imp (D:6)
  An ufetubus (D:6)
  6 worms
  13 orcs
  3 ball pythons
  6 bats
  9 endoplasms
  2 giant cockroaches
  10 goblins
  7 hobgoblins
  4 jackals (D:5)
  5 kobolds
  2 quokkas
  4 frilled lizards
  10 rats
140 creatures vanquished.

Notes
Turn   | Place    | Note
-------+----------+-------------------------------------------
     0 | D:1      | qw the Minotaur Berserker began the quest for the Orb.
     0 | D:1      | Reached XP level 1. HP: 19/19 MP: 0/0
     0 | D:1      | 0 ||| qw: Version: 0.1-a-108-g9e35731
     0 | D:1      | 0 ||| qw: Game counter: 6363
     0 | D:1      | 0 ||| qw: Always use a shield: true
     0 | D:1      | 0 ||| qw: Do Orc after D:15 true
     0 | D:1      | 0 ||| qw: Do second Lair branch before Depths: true
     0 | D:1      | 0 ||| qw: Lair rune preference: random
     0 | D:1      | 0 ||| qw: Plans: Normal
     0 | D:1      | 0 ||| PLANNING D:1-11
    29 | D:1      | 29 ||| Stepping ~*~*~tactically~*~*~ (stealth).
    80 | D:1      | Reached skill level 4 in Axes
   144 | D:1      | 144 ||| Stepping ~*~*~tactically~*~*~ (stealth).
   154 | D:1      | Reached XP level 2. HP: 26/26 MP: 1/1
   275 | D:1      | Found a faded altar of an unknown god.
   888 | D:1      | 888 ||| UPGRADING to +0 leather armour.
   898 | D:1      | 898 ||| DROPPING +0 animal skin.
   899 | D:1      | 899 ||| READING 2 scrolls labelled LYHAMO TEORA.
   900 | D:1      | 900 ||| READING scroll labelled NUS HAULESUTTODA.
   901 | D:1      | 901 ||| READING scroll labelled FOROAFFYA SAREPP.
   902 | D:1      | 902 ||| READING scroll labelled ZUISKOBLAE.
   903 | D:1      | 903 ||| READING scroll labelled TEAXEI RUOPN.
   904 | D:1      | 904 ||| READING scroll labelled HAMMYEH DYU.
   905 | D:1      | 905 ||| READING scroll labelled FOAKEU MOOMIA.
   906 | D:1      | 906 ||| DRINKING 2 grey potions.
  1011 | D:1      | 1011 ||| DROPPING potion of berserk rage.
  1107 | D:2      | 1107 ||| INVOKING Berserk.
  1226 | D:2      | Reached skill level 5 in Axes
  1253 | D:2      | 1253 ||| Stepping ~*~*~tactically~*~*~ (stealth).
  1301 | D:2      | 1301 ||| Stepping ~*~*~tactically~*~*~ (stealth).
  1344 | D:2      | Reached XP level 3. HP: 31/31 MP: 2/2
  1452 | D:2      | 1452 ||| Stepping ~*~*~tactically~*~*~ (stealth).
  1524 | D:2      | 1524 ||| INVOKING Berserk.
  1526 | D:2      | Reached skill level 6 in Axes
  1526 | D:2      | Reached XP level 4. HP: 39/39 MP: 3/3
  2280 | D:2      | 2280 ||| UPGRADING to +0 ring mail.
  2290 | D:2      | 2290 ||| DROPPING +0 leather armour.
  2291 | D:2      | 2291 ||| READING 2 scrolls labelled LUGEOM FUDAOCO.
  2292 | D:2      | 2292 ||| READING scroll labelled CIOMUDUIQUSK.
  2293 | D:2      | 2293 ||| DRINKING 2 ruby potions.
  2294 | D:2      | 2294 ||| DRINKING 2 emerald potions.
  2295 | D:2      | 2295 ||| DRINKING 2 blue potions.
  2296 | D:2      | 2296 ||| READING 3 scrolls of identify.
  2296 | D:2      | 2296 ||| IDENTIFYING bubbling orange potion
  2297 | D:2      | 2297 ||| READING 2 scrolls of identify.
  2297 | D:2      | 2297 ||| IDENTIFYING fuming yellow potion
  2298 | D:2      | 2298 ||| DROPPING scroll of poison.
  2299 | D:2      | 2299 ||| DROPPING potion of brilliance.
  2300 | D:2      | 2300 ||| Stepping randomly (stuck).
  2301 | D:2      | 2301 ||| Stepping ~*~*~tactically~*~*~ (cloud).
  2593 | D:3      | 2593 ||| Stepping ~*~*~tactically~*~*~ (stealth).
  2605 | D:3      | 2605 ||| Stepping ~*~*~tactically~*~*~ (stealth).
  2629 | D:3      | 2629 ||| Stepping ~*~*~tactically~*~*~ (stealth).
  2632 | D:3      | 2632 ||| Stepping ~*~*~tactically~*~*~ (stealth).
  2636 | D:3      | 2636 ||| Stepping ~*~*~tactically~*~*~ (stealth).
  2638 | D:3      | 2638 ||| Stepping ~*~*~tactically~*~*~ (stealth).
  2640 | D:3      | 2640 ||| Stepping ~*~*~tactically~*~*~ (stealth).
  2643 | D:3      | 2643 ||| Stepping ~*~*~tactically~*~*~ (stealth).
  2654 | D:3      | 2654 ||| Stepping ~*~*~tactically~*~*~ (stealth).
  2655 | D:3      | 2655 ||| Stepping ~*~*~tactically~*~*~ (stealth).
  2656 | D:3      | 2656 ||| Stepping ~*~*~tactically~*~*~ (stealth).
  2657 | D:3      | 2657 ||| Stepping ~*~*~tactically~*~*~ (stealth).
  2682 | D:3      | 2682 ||| FLEEEEING.
  2683 | D:3      | 2683 ||| FLEEEEING.
  2685 | D:3      | 2685 ||| FLEEEEING.
  2688 | D:3      | 2688 ||| FLEEEEING.
  2691 | D:3      | Reached XP level 5. HP: 36/45 MP: 4/4
  2760 | D:3      | 2760 ||| Stepping ~*~*~tactically~*~*~ (stealth).
  2767 | D:3      | Reached ** piety under Trog
  2768 | D:3      | Reached skill level 7 in Axes
  3154 | D:3      | 3154 ||| Stepping ~*~*~tactically~*~*~ (hiding).
  3156 | D:3      | 3156 ||| Stepping ~*~*~tactically~*~*~ (hiding).
  3163 | D:3      | 3163 ||| INVOKING Berserk.
  3259 | D:3      | 3259 ||| DROPPING +0 club.
  3528 | D:3      | 3528 ||| DRINKING 2 fuming ruby potions.
  3529 | D:3      | 3529 ||| READING 2 scrolls of identify.
  3529 | D:3      | 3529 ||| IDENTIFYING cyan potion
  3530 | D:3      | 3530 ||| DROPPING potion of attraction.
  3531 | D:3      | 3531 ||| DROPPING potion of flight.
  3568 | D:4      | 3568 ||| Stepping ~*~*~tactically~*~*~ (stealth).
  3666 | D:4      | 3666 ||| SWAPPING to +0 war axe.
  3678 | D:4      | 3678 ||| DROPPING +1 hand axe.
  3693 | D:4      | 3693 ||| Stepping ~*~*~tactically~*~*~ (stealth).
  4057 | D:4      | Found an ornate altar of the Wu Jian Council.
  4083 | D:4      | 4083 ||| UPGRADING to ring of willpower.
  4084 | D:4      | 4084 ||| UPGRADING to ring of resist corrosion.
  4085 | D:4      | 4085 ||| READING scroll labelled EDDUIF ICWEDOHA.
  4090 | D:4      | 4090 ||| READING 4 scrolls of identify.
  4090 | D:4      | 4090 ||| IDENTIFYING smoky golden potion
  4091 | D:4      | 4091 ||| READING 3 scrolls of identify.
  4091 | D:4      | 4091 ||| IDENTIFYING brown potion
  4092 | D:4      | 4092 ||| READING 2 scrolls of identify.
  4092 | D:4      | 4092 ||| IDENTIFYING fuming blue potion
  4093 | D:4      | 4093 ||| DROPPING potion of invisibility.
  4094 | D:4      | 4094 ||| DROPPING potion of lignification.
  4105 | D:5      | Entered Level 5 of the Dungeon
  4121 | D:5      | Found a broken altar of Ashenzari.
  4121 | D:5      | Noticed Blork the orc
  4122 | D:5      | 4122 ||| Stepping ~*~*~tactically~*~*~ (hiding).
  4132 | D:5      | 4132 ||| INVOKING Berserk.
  4140 | D:5      | Killed Blork the orc
  4141 | D:5      | Reached skill level 8 in Axes
  4141 | D:5      | Reached XP level 6. HP: 52/52 MP: 5/5
  4253 | D:5      | 4253 ||| READING scroll of enchant weapon.
  4253 | D:5      | 4253 ||| ENCHANTING +0 war axe.
  4314 | D:5      | 4314 ||| INVOKING Berserk.
  4468 | D:5      | Reached skill level 9 in Axes
  4502 | D:5      | Noticed a yak
  4572 | D:5      | 4572 ||| INVOKING Berserk.
  4727 | D:5      | Noticed a water moccasin
  4729 | D:5      | 4729 ||| INVOKING Berserk.
  4732 | D:5      | Killed a water moccasin
  4733 | D:5      | Reached XP level 7. HP: 61/61 MP: 6/6
  4984 | D:5      | Found Zomee's Mass Market.
  4993 | D:5      | 4993 ||| SHOPLISTING +0 plate armour (276 gold, have 254).
  5114 | D:5      | Found a runed translucent door.
  5115 | D:5      | Noticed Crazy Yiuf
  5164 | D:5      | 5164 ||| UPGRADING to +0 chain mail.
  5174 | D:5      | 5174 ||| DROPPING +0 ring mail.
  5175 | D:5      | 5175 ||| UPGRADING to amulet of reflection.
  5180 | D:5      | 5180 ||| UPGRADING to ring of poison resistance.
  5182 | D:5      | 5182 ||| UPGRADING to ring of willpower.
  5184 | D:5      | 5184 ||| READING scroll labelled LEXU POICARYEDGH.
  5208 | D:6      | 5208 ||| PLANNING OSSUARY
  5261 | D:6      | 5261 ||| INVOKING Berserk.
  5264 | D:6      | Reached skill level 3 in Armour
  5399 | D:6      | Noticed Eustachio
  5403 | D:6      | 5403 ||| INVOKING Berserk.
  5416 | D:6      | Killed Eustachio
  5417 | D:6      | Reached skill level 10 in Axes
  5542 | D:6      | 5542 ||| DROPPING +0 flail.
  5563 | D:6      | Reached skill level 6 in Fighting
  5614 | D:6      | 5614 ||| Stepping ~*~*~tactically~*~*~ (hiding).
  5622 | D:6      | Reached XP level 8. HP: 60/70 MP: 7/7
  5828 | D:6      | 5828 ||| INVOKING Berserk.
  5831 | D:6      | Reached skill level 11 in Axes
  5969 | D:6      | 5969 ||| RIP OSSUARY
  5978 | D:6      | 5978 ||| PLANNING D:1-11
  6106 | D:6      | 6106 ||| READING scroll of brand weapon.
  6106 | D:6      | 6106 ||| BRANDING +1 war axe of freezing.
  6108 | D:6      | Found a white marble altar of Elyvilon.
  6133 | D:6      | 6133 ||| INVOKING Berserk.
  6223 | D:6      | Noticed a moth of wrath
  6226 | D:6      | Found a bloodstained altar of Trog.
  6235 | D:6      | 6235 ||| INVOKING Berserk.
  6242 | D:6      | 6242 ||| FLEEEEING.
  6243 | D:6      | 6243 ||| FLEEEEING.
  6244 | D:6      | 6244 ||| FLEEEEING.
  6245 | D:6      | 6245 ||| FLEEEEING.
  6364 | D:6      | Noticed Sigmund
  6365 | D:6      | 6365 ||| Stepping ~*~*~tactically~*~*~ (hiding).
  6370 | D:6      | 6370 ||| INVOKING Berserk.
  6375 | D:6      | Killed Sigmund
  6376 | D:6      | Reached skill level 12 in Axes
  6528 | D:6      | Noticed Prince Ribbit
  6531 | D:6      | 6531 ||| INVOKING Berserk.
  6558 | D:6      | Killed Prince Ribbit
  6727 | D:6      | 6727 ||| INVOKING Berserk.
  6752 | D:6      | 6752 ||| FLEEEEING.
  6753 | D:6      | 6753 ||| FLEEEEING.
  6754 | D:6      | 6754 ||| FLEEEEING.
  6755 | D:6      | 6755 ||| FLEEEEING.
  6756 | D:6      | 6756 ||| FLEEEEING.
  6757 | D:6      | 6757 ||| FLEEEEING.
  7005 | D:6      | 7005 ||| UPGRADING to +0 pair of boots.
  7010 | D:6      | 7010 ||| READING 2 scrolls labelled SEMASIXZAEKE.
  7011 | D:6      | 7011 ||| DRINKING 3 yellow potions.
  7012 | D:6      | 7012 ||| DROPPING scroll of noise.
  7013 | D:6      | 7013 ||| DROPPING 2 potions of degeneration.
  7068 | D:7      | Found an ancient bone altar of Kikubaaqudgha.
  7068 | D:7      | Found a hide-covered altar of Uskayaw.
  7073 | D:7      | Noticed Duvessa
  7074 | D:7      | Noticed Dowan
  7076 | D:7      | 7076 ||| INVOKING Berserk.
  7080 | D:7      | Killed Duvessa
  7081 | D:7      | Reached skill level 1 in Throwing
  7081 | D:7      | Reached XP level 9. HP: 79/79 MP: 8/8
  7092 | D:7      | Killed Dowan
  7407 | D:7      | Found a staircase to the Ecumenical Temple.
  7460 | D:7      | 7460 ||| Stepping ~*~*~tactically~*~*~ (stealth).
  7462 | D:7      | 7462 ||| Stepping ~*~*~tactically~*~*~ (hiding).
  7464 | D:7      | 7464 ||| Stepping ~*~*~tactically~*~*~ (hiding).
  7467 | D:7      | 7467 ||| INVOKING Berserk.
  7480 | D:7      | Reached skill level 13 in Axes
  7609 | D:7      | Reached *** piety under Trog
  7610 | D:7      | Found a blossoming altar of Fedhas.
  8139 | D:7      | 8139 ||| UPGRADING to +0 pair of gloves.
  8144 | D:7      | 8144 ||| UPGRADING to +0 cloak.
  8149 | D:7      | 8149 ||| READING 2 scrolls labelled YGUMISTRECY.
  8150 | D:7      | 8150 ||| DRINKING 2 green potions.
  8150 | D:7      | Gained mutation: You expend magic power (3 MP) to
                  | strengthen your wands. [potion of mutation]
  8150 | D:7      | Gained mutation: Your spells are a little easier to cast,
                  | but a little less powerful. [potion of mutation]
  8150 | D:7      | Gained mutation: You are robust. (+10% HP) [potion of
                  | mutation]
  8150 | D:7      | Lost intelligence.
  8150 | D:7      | Gained mutation: You are agile. (Dex +4, Str/Int -1)
                  | [potion of mutation]
  8174 | D:7      | 8174 ||| DROPPING scroll of amnesia.
  8204 | D:8      | Reached skill level 3 in Throwing
  8265 | D:8      | Noticed a death yak
  8268 | D:8      | 8268 ||| INVOKING Berserk.
  8268 | D:8      | Noticed a death yak
  8269 | D:8      | Noticed a two-headed ogre
  8270 | D:8      | Noticed a death yak
  8271 | D:8      | Noticed a death yak
  8274 | D:8      | Killed a death yak
  8274 | D:8      | Noticed a death yak
  8279 | D:8      | Killed a death yak
  8280 | D:8      | Reached skill level 6 in Armour
  8280 | D:8      | Reached XP level 10. HP: 61/96 MP: 9/9
  8280 | D:8      | HP: 36/144 [two-headed ogre/+0 giant club (14)]
  8282 | D:8      | Killed a two-headed ogre
  8282 | D:8      | Noticed a death yak
  8283 | D:8      | Reached skill level 9 in Fighting
  8283 | D:8      | HP: 16/150 [death yak (4)]
  8284 | D:8      | HP: 1/100 [death yak (10)]
  8284 | D:8      | Mangled by a death yak

Levels and vault maps discovered:
D:1:      elethiomel_arrival_diamonds, layout_basic,
          ebering_ecumenical_altar_hall, minmay_misc_feat_rugged
D:2:      minmay_wonky_spiral, layout_basic
D:3:      layout_loops_corners, minmay_misc_feat_doors, hangedman_decor_points
D:4:      layout_basic, nzn_wu_jian_contemplation
D:5:      layout_basic, lemuel_tele_altar, minmay_shop_mass, minivault_19,
          lightli_corner_chamber, uniq_crazy_yiuf_cottage, uniq_blork_the_orc
D:6:      minmay_angry_zag, layout_basic, tgw_trog, elyvilon_altar_3,
          gup_ossuary_entry_pyramid, kennysheep_generic_room_12, uniq_sigmund,
          uniq_prince_ribbit1, uniq_eustachio
D:7:      layout_basic, grunt_temple_overflow_open,
          minmay_temple_entry_overgrown, uniq_duvessa
D:8:      layout_loops_cross, dpeg_lair_monsters, uniq_joseph, uniq_grum

Skill      XL: |  1  2  3  4  5  6  7  8  9 10 |
---------------+-------------------------------+-----
Axes           | 4 5 6 8 9 10 12 13 | 13.0
Fighting       | 4 5 6 7 9 |  9.1
Armour         | 3 4 6 |  6.9
Throwing       | 1 3 |  3.1
Dodging        | 5 |  5.8

Action                   |  1- 3 |  4- 6 |  7- 9 | 10-12 || total
-------------------------+-------+-------+-------+-------++-------
Melee: Hand axe          |    62 |    88 |       |       ||   150
       Headbutt          |     5 |    21 |    32 |       ||    58
       Punch             |       |     2 |       |       ||     2
       War axe           |       |    32 |   199 |     5 ||   236
Throw: Boomerang         |       |       |     5 |       ||     5
       Javelin           |       |       |     2 |       ||     2
Invok: Berserk           |     2 |     5 |    11 |       ||    18
  Use: Scroll            |     7 |    10 |     4 |       ||    21
       Potion            |     1 |     4 |     2 |       ||     7
Armor: Animal skin       |     4 |       |       |       ||     4
       Leather armour    |    11 |     4 |       |       ||    15
       Ring mail         |       |    24 |     8 |       ||    32
       Chain mail        |       |       |    73 |     4 ||    77
Dodge: Dodged            |    20 |    56 |    46 |       ||   122
Block: Other             |       |       |    15 |       ||    15

Table legend:
 A = Non-vault XP
 B = Vault XP
 C = Vault XP percentage of total XP
 D = Non-vault monster count
 E = Vault monster count
 F = Vault count percentage of total count
                 A         B        C        D         E       F
            +---------+---------+-------+---------+---------+-------
      Total |    3644 |    2950 |  44.7 |     112 |      28 |  20.0
            +---------+---------+-------+---------+---------+-------
        D:1 |      19 |      10 |  34.5 |      10 |       7 |  41.2
        D:2 |      59 |      67 |  53.2 |      19 |       3 |  13.6
        D:3 |     148 |       0 |   0.0 |      27 |       0 |   0.0
        D:4 |      72 |       0 |   0.0 |       8 |       0 |   0.0
        D:5 |     544 |      99 |  15.4 |      19 |       1 |   5.0
        D:6 |     755 |     935 |  55.3 |      11 |      13 |  54.2
        D:7 |     884 |     207 |  19.0 |      15 |       2 |  11.8
        D:8 |    1163 |    1632 |  58.4 |       3 |       2 |  40.0
            +---------+---------+-------+---------+---------+-------
